 Dungeon Crawl Stone Soup version 0.31.0-32-g396128a36d (webtiles) character file.

Game seed: 9467834130307020143

4492 Brozodor the Basher (level 10, -2/84 HPs)
             Began as a Minotaur Berserker on Apr 5, 2024.
             Was a High Priest of Trog.
             Slain by a killer bee (3 damage)
             ... on level 9 of the Dungeon.
             The game lasted 00:20:23 (8415 turns).

Brozodor the Basher (Minotaur Berserker)            Turns: 8415, Time: 00:20:24

Health: -2/84      AC: 14    Str: 27    XL:     10   Next: 16%
Magic:  0/9        EV: 10    Int:  4    God:    Trog [*****.]
Gold:   473        SH:  0    Dex: 15    Spells: 9/9 levels left

rFire   + . .        v - +0 morningstar
rCold   + . .        (no shield)
rNeg    . . .        J - +3 chain mail {rF+}
rPois   .            (helmet restricted)
rElec   .            (no cloak)
rCorr   .            (no gloves)
SInv    .            (no boots)
Will    ++...        A - amulet of guardian spirit Stlth
                     u - ring of protection from cold
HPRegen 1.34/turn    K - +6 ring of dexterity
MPRegen 0.11/turn

%: guardian spirit
@: lethally poisoned (-2 -> -5), strong-willed, regenerating
A: horns 2, retaliatory headbutt
a: Renounce Religion, Berserk, Trog's Hand, Brothers in Arms


You were on level 9 of the Dungeon.
You worshipped Trog.
Trog was extremely pleased with you.
You visited 2 branches of the dungeon, and saw 10 of its levels.
You also visited: Ossuary.

You collected 473 gold pieces.

Inventory:

Hand Weapons
 a - a +0 mace
 d - a +2 heavy trident
 v - a +0 morningstar (weapon)
 N - a +0 mace
 Q - a +0 short sword
Missiles
 S - a throwing net (quivered)
Armour
 b - a +0 animal skin
 e - a +0 ring mail
 k - a +0 helmet
 l - a +2 helmet
 m - a +0 ring mail
 p - a +0 scale mail
 J - a +3 chain mail of fire resistance (worn)
Magical Staves
 h - a staff of conjuration
Jewellery
 u - a ring of protection from cold (left hand)
 A - an amulet of guardian spirit (around neck)
 K - a +6 ring of dexterity (right hand)
Talismans
 j - a flux talisman
 x - a flux talisman
 P - a maw talisman
Wands
 z - a wand of paralysis (11)
 F - a wand of flame (16)
Scrolls
 g - 2 scrolls of blinking {unknown}
 n - 4 scrolls of teleportation {unknown}
 o - 2 scrolls of amnesia {unknown}
 q - a scroll of enchant weapon {unknown}
 w - 10 scrolls of identify {unknown}
 y - 2 scrolls of butterflies {unknown}
 B - 3 scrolls of silence {unknown}
 D - a scroll of revelation {unknown}
 G - a scroll of fog {unknown}
 H - a scroll of vulnerability {unknown}
 L - 2 scrolls of noise {unknown}
Potions
 c - 6 potions of heal wounds {unknown}
 f - 3 potions of lignification {unknown}
 i - 3 potions of haste {unknown}
 r - a potion of mutation {unknown}
 s - a potion of magic {unknown}
 t - 3 potions of degeneration {unknown}
 C - 2 potions of might {unknown}
 E - 4 potions of curing {unknown}
 I - 4 potions of invisibility {unknown}
 M - a potion of ambrosia {unknown}
 O - a potion of attraction {unknown}
 R - a potion of brilliance {unknown}


   Skills:
 * Level 6.6 Fighting
 + Level 14.2 Maces & Flails
 + Level 9.8 Armour
 - Level 2.1 Dodging


You had 9 spell levels left.
You didn't know any spells.
Your spell library contained the following spells:

 Spells                   Type           Power      Damage    Failure   Level
 Cigotuvi's Dreadful Rot  Necr/Alch/Air  0%         N/A       97%         2
 Mercury Vapours          Alch/Air       0%         N/A       97%         2
 Scorch                   Fire           0%         2d5       97%         2
 Hailstorm                Conj/Ice       0%         3d5       99%         3
 Mephitic Cloud           Conj/Alch/Air  0%         N/A       99%         3
 Summon Ice Beast         Ice/Summ       0%         N/A       99%         3
 Flame Wave               Conj/Fire      0%         2d4       100%        4
 Ignite Poison            Fire/Alch      0%         N/A       100%        4
 Freezing Cloud           Conj/Ice/Air   0%         6-21      100%        5
 Sculpt Simulacrum        Ice/Alch       0%         N/A       100%        6
 Summon Cactus Giant      Summ           0%         N/A       100%        6


Dungeon Overview and Level Annotations

Branches:
Dungeon (9/15)             Temple (1/1) D:6         Ossuary (visited)
   Lair: D:8-11         Orc: D:9-12

Altars:
Ashenzari
Dithmenos
Elyvilon
Fedhas
Gozag
Hepliaklqana
Kikubaaqudgha
Makhleb
Nemelex Xobeh
Okawaru
Qazlal
Ru
Sif Muna
Trog
Uskayaw
Vehumet
Wu Jian
Xom
Yredelemnul
Zin
The Shining One


Innate Abilities, Weirdness & Mutations

You have a pair of horns on your head.
You reflexively headbutt those who attack you in melee.


Message History

* * * LOW HITPOINT WARNING * * *
The killer bee closely misses you. x2
You feel sick.
The killer bee attacks as it pursues you!
The killer bee closely misses you. The killer bee barely misses you.
The killer bee misses you. The killer bee barely misses you.
You furiously retaliate!
You headbutt the killer bee!
You kill the killer bee!
Trog accepts your kill.
You feel sick.
The killer bee attacks as it pursues you!
The killer bee stings you but does no damage. x2
You feel sick.
The killer bee stings you but does no damage.
The killer bee attacks as it pursues you!
The killer bee barely misses you.
The killer bee stings you but does no damage. x2
You feel sick.
The killer bee attacks as it pursues you!
The killer bee stings you.
* * * LOW HITPOINT WARNING * * *
You feel sick.
You feel sick.
You are no longer poisoned.
The killer bee attacks as it pursues you!
The killer bee stings you.
* * * LOW HITPOINT WARNING * * *
You are poisoned.
The killer bee poisons you!
You feel sick.
The killer bee attacks as it pursues you!
The killer bee barely misses you. The killer bee stings you!
* * * LOW HITPOINT WARNING * * *
You are lethally poisoned!
The killer bee poisons you!
* * * LOW HITPOINT WARNING * * *
You feel very sick.
The killer bee attacks as it pursues you!
The killer bee stings you.
You die...

###.........#
..............#
..............
#............#
#............#
#............#
#............#
#.........)..##+##
#####@.......)).......
#...yy......).##'#####
#..y..........#.......
###.............#.......
#####....#+#####....#.......
#........#.....#....#.......
###./..........)....#.......
#.........#.......#.......
#.................###.....


You could see 3 killer bees.

Vanquished Creatures
  A hornet (D:8)
  A wraith (D:9)
  A steam dragon (D:9)
  An acid dragon (D:5)
  5 water moccasins
  Duvessa (D:7)
  An orc warrior (D:6)
  An ogre (D:5)
  A sky beast (D:5)
  A black bear (D:8)
  A centaur (D:7)
  3 phantoms
  3 bullfrogs
  A kobold brigand (D:8)
  A water moccasin zombie (Ossuary)
  3 scorpions
  A burial acolyte (Ossuary)
  Dowan (D:7)
  5 wights (D:8)
  7 killer bees
  A howler monkey (D:5)
  2 jellies
  5 bombardier beetles
  5 hounds
  2 sleepcaps
  2 spectral scorpions (Ossuary)
  4 orc priests
  3 iguanas
  Terence (D:3)
  Natasha (twice) (D:3)
  5 orc wizards
  A crocodile zombie (Ossuary)
  2 mummies (Ossuary)
  Robin (D:3)
  11 gnolls
  16 adders
  3 shadow imps
  3 white imps
  4 ufetubi
  7 adder zombies (Ossuary)
  5 dart slugs
  5 ribbon worms
  18 orcs
  3 ball pythons
  10 endoplasms
  5 giant cockroaches
  11 goblins
  9 hobgoblins
  4 jackals (D:4)
  13 kobolds
  A quokka (D:5)
  2 bats (D:3)
  6 frilled lizards
  8 gnoll zombies (Ossuary)
  6 jackal zombies (Ossuary)
  4 orc zombies (Ossuary)
  5 rats
235 creatures vanquished.

Notes
Turn   | Place    | Note
-------+----------+-------------------------------------------
     0 | D:1      | Brozodor the Minotaur Berserker began the quest for the
                  | Orb.
     0 | D:1      | Reached XP level 1. HP: 19/19 MP: 0/0
   281 | D:1      | Reached XP level 2. HP: 27/27 MP: 1/1
   619 | D:1      | Reached skill level 4 in Maces & Flails
   676 | D:1      | Found a faded altar of an unknown god.
   797 | D:2      | Noticed a bombardier beetle
   803 | D:2      | Killed a bombardier beetle
   804 | D:2      | Reached XP level 3. HP: 34/34 MP: 2/2
  1024 | D:2      | Reached ** piety under Trog
  1172 | D:2      | Reached XP level 4. HP: 36/41 MP: 3/3
  1592 | D:3      | Found a glowing silver altar of Zin.
  1622 | D:3      | Noticed Terence
  1630 | D:3      | Killed Terence
  1796 | D:3      | Noticed Natasha
  1802 | D:3      | Killed Natasha
  1803 | D:3      | Reached skill level 5 in Fighting
  1803 | D:3      | Reached XP level 5. HP: 32/48 MP: 4/4
  1941 | D:3      | Reached skill level 5 in Maces & Flails
  2257 | D:3      | Noticed Natasha
  2262 | D:3      | Killed Natasha
  2371 | D:3      | Noticed Robin
  2385 | D:3      | Killed Robin
  2385 | D:3      | Reached *** piety under Trog
  2464 | D:3      | Found a blossoming altar of Fedhas.
  2601 | D:4      | Reached XP level 6. HP: 55/56 MP: 5/5
  2706 | D:4      | Reached skill level 5 in Armour
  2965 | D:4      | Reached skill level 6 in Maces & Flails
  3521 | D:4      | Reached XP level 7. HP: 54/63 MP: 6/6
  3621 | D:4      | Reached skill level 7 in Maces & Flails
  3709 | D:5      | Entered Level 5 of the Dungeon
  4013 | D:5      | Reached **** piety under Trog
  4014 | D:5      | Reached skill level 8 in Maces & Flails
  4306 | D:5      | Reached skill level 9 in Maces & Flails
  4366 | D:5      | Reached XP level 8. HP: 57/70 MP: 5/7
  4457 | D:5      | Reached skill level 10 in Maces & Flails
  4509 | D:5      | Reached skill level 11 in Maces & Flails
  4690 | D:6      | Identified the +4 mace "Fimigg" {holy, ^Contam *Corrode rF+
                  | rN++}
  4737 | D:6      | Found a broken altar of Ashenzari.
  4835 | D:6      | Found a staircase to the Ecumenical Temple.
  4951 | D:6      | Reached skill level 12 in Maces & Flails
  4978 | D:6      | Reached XP level 9. HP: 66/75 MP: 6/8
  5087 | D:6      | Found a sand-covered staircase.
  5096 | Ossuary  | Entered an ossuary
  5275 | Ossuary  | Reached ***** piety under Trog
  6175 | Temple   | Entered the Ecumenical Temple
  6361 | D:7      | Reached skill level 13 in Maces & Flails
  6713 | D:7      | Noticed Duvessa
  6714 | D:7      | Noticed Dowan
  6721 | D:7      | Killed Duvessa
  6724 | D:7      | Killed Dowan
  7195 | D:8      | Paralysed by a hornet for 2 turns
  7430 | D:8      | Found an opulent altar of Gozag.
  7771 | D:8      | Reached skill level 14 in Maces & Flails
  7771 | D:8      | Reached XP level 10. HP: 82/83 MP: 9/9
  7809 | D:8      | Found an ornate altar of the Wu Jian Council.
  8348 | D:9      | Found a radiant altar of Vehumet.
  8398 | D:9      | Received a gift from Trog
  8414 | D:9      | HP: 3/84 [killer bee (5)]
  8415 | D:9      | HP: 1/84 [poisoned by a killer bee]
  8415 | D:9      | Slain by a killer bee

Illustrated notes

Levels and vault maps discovered:
D:1:      psy_arrival_basics, layout_basic, shapermc_ecumenical_altar_petra,
          serial_park_tiny_2
D:2:      layout_basic, ebering_dispersal_statue_hall, nrook_uturn
D:3:      layout_loops_ring, lemuel_doored_altar,
          mainiacjoe_overflow_concentric_impassable, serial_bayou,
          serial_bayou_crossing, serial_bayou_pond_b, serial_bayou_shore_b,
          uniq_natasha, uniq_terence, uniq_robin
D:4:      layout_cave_pods
D:5:      kennysheep_windowed_halls, layout_basic
D:6:      layout_basic, mainiacjoe_overflow_chevrons,
          minmay_temple_entry_large_hall, lightli_ossuary_entry_decrepit_ruins,
          gup_sewer_entry_spiral, kennysheep_generic_room_3
D:7:      layout_basic, uniq_duvessa
D:8:      layout_gridville, nicolae_wu_jian_immortal_techniques,
          nicolae_gozag_seed_capital
D:9:      layout_irregular_city, vehumet_altar_wand_db,
          nicolae_nh_ransacked_shop
Temple:   nicolae_temple_no_exploring_needed

Skill      XL: |  1  2  3  4  5  6  7  8  9 |
---------------+----------------------------+-----
Fighting       | 4 5 6 |  6.6
Maces & Flails | 4 5 6 9 12 14 | 14.2
Armour         | 3 4 5 6 9 |  9.8
Dodging        | |  2.1

Action                     |  1- 3 |  4- 6 |  7- 9 | 10-12 || total
---------------------------+-------+-------+-------+-------++-------
  Melee: Mace              |    76 |    91 |       |       ||   167
         Headbutt          |    18 |    27 |    56 |     7 ||   108
         Punch             |       |     1 |     3 |       ||     4
         Morningstar       |       |    56 |   376 |    41 ||   473
 Invoke: Berserk           |       |     2 |     7 |     1 ||    10
         Trog's Hand       |       |       |     3 |     1 ||     4
 Armour: Animal skin       |     9 |       |       |       ||     9
         Ring mail         |    20 |    10 |       |       ||    30
         Scale mail        |       |   137 |   102 |       ||   239
         Chain mail        |       |       |   172 |    96 ||   268
  Dodge: Dodged            |    32 |   100 |   161 |    69 ||   362
